 Dungeon Crawl Stone Soup version 0.28-a0-1429-gf3d713d (webtiles) character file.

Game seed: 12691753438509807135

23 Blackhawk the Poker (level 2, 0/23 HPs)
             Began as a Demonspawn Gladiator on Jan 8, 2022.
             Slain by a kobold (3 damage)
             ... on level 1 of the Dungeon.
             The game lasted 00:00:29 (557 turns).

Blackhawk the Poker (Demonspawn Gladiator)           Turns: 557, Time: 00:00:30

Health: 0/23       AC:  4    Str: 14    XL:     2   Next: 75%
Magic:  2/2        EV:  9    Int:  9    God:
Gold:   30         SH:  0    Dex: 16    Spells: 1/1 levels left

rFire   . . .      SeeInvis .   a - +0 trident
rCold   . . .      Faith    .   (no shield)
rNeg    . . .      Spirit   .   b - +0 leather armour
rPois   .          Reflect  .   c - +0 helmet
rElec   .          Harm     .   (no cloak)
rCorr   .          Rampage  .   (no gloves)
Will    .....                   (no boots)
Stlth   ++........              (no amulet)
HPRegen 0.07/turn               (no ring)
MPRegen 0.08/turn               (no ring)

@: constricted
A: thin skeletal structure 1
a: no special abilities


You were on level 1 of the Dungeon.
You visited 1 branch of the dungeon, and saw 1 of its levels.

You collected 30 gold pieces.

Inventory:

Hand Weapons
 a - a +0 trident (weapon)
Missiles
 d - 3 throwing nets (quivered)
Armour
 b - a +0 leather armour (worn)
 c - a +0 helmet (worn)
Potions
 e - a potion of mutation {unknown}


   Skills:
 + Level 2.4 Fighting
 + Level 3.0 Polearms
 + Level 2.1 Throwing
 + Level 3.0 Dodging


You had one spell level left.
You didn't know any spells.
Your spell library was empty.

Dungeon Overview and Level Annotations

Branches:
Dungeon (1/15)

Altars:


Innate Abilities, Weirdness & Mutations

You have a somewhat thin skeletal structure. (Dex +2, Stealth+)


Message History

The ball python bites you but does no damage.
The ball python grabs you. The ball python constricts you.
The goblin hits you with a +0 club. The kobold closely misses you.
The ball python closely misses you. The ball python constricts you.
The kobold hits you but does no damage. The goblin hits you but does no damage.
You barely miss the ball python. The kobold barely misses you.
The ball python bites you. The ball python constricts you.
The kobold hits you but does no damage. The goblin hits you with a +0 club.
The kobold barely misses you.
You closely miss the ball python. The ball python bites you.
The ball python constricts you.
The kobold hits you with a +0 short sword.
The goblin hits you but does no damage. The kobold barely misses you.
The ball python bites you. The ball python constricts you.
You are too injured to fight recklessly!
You are too injured to fight recklessly!
You are too injured to fight recklessly!
You are too injured to fight recklessly!
You are too injured to fight recklessly!
You are too injured to fight recklessly!
You are too injured to fight recklessly!
You are too injured to fight recklessly!
You are too injured to fight recklessly!
You are too injured to fight recklessly!
You are too injured to fight recklessly!
You are too injured to fight recklessly!
You are too injured to fight recklessly!
You are too injured to fight recklessly!
You closely miss the ball python.
The kobold hits you with a +0 short sword.
* * * LOW HITPOINT WARNING * * *
The goblin hits you with a +0 club.
* * * LOW HITPOINT WARNING * * *
The ball python bites you but does no damage.
The ball python constricts you. The kobold completely misses you.
You barely miss the ball python.
The ball python bites you but does no damage.
The ball python constricts you. The kobold hits you but does no damage.
The goblin hits you but does no damage. The kobold hits you with a +0 dagger.
You die...

##....:.. ##........
#......... #..(......
#.............
#............ #####
##SKK........ ....## ###
#..@g........ .....## #.#
#........... ......#
#.###.........# ....).#
#.............#
...)..####.........รทรท..#
......#..>.............#
...............#'#.....#
.............#.#.#.....#
##..........##.#+#.....##


You could see a goblin, a ball python and 2 kobolds.

Vanquished Creatures
  A dart slug (D:1)
  3 ball pythons (D:1)
  3 bats (D:1)
  An endoplasm (D:1)
  A giant cockroach (D:1)
  2 goblins (D:1)
  2 hobgoblins (D:1)
  A kobold (D:1)
  2 quokkas (D:1)
  A frilled lizard (D:1)
  A rat (D:1)
18 creatures vanquished.

Notes
Turn   | Place    | Note
-------+----------+-------------------------------------------
     0 | D:1      | Blackhawk the Demonspawn Gladiator began the quest for the
                  | Orb.
     0 | D:1      | Reached XP level 1. HP: 16/16 MP: 1/1
    55 | D:1      | Gained mutation: You have a somewhat thin skeletal
                  | structure. (Dex +2, Stealth+) [demonic ancestry]
    55 | D:1      | Reached XP level 2. HP: 21/22 MP: 2/2
   557 | D:1      | Slain by a kobold

Illustrated notes

Levels and vault maps discovered:
D:1:      minmay_arrival_doors, layout_rooms, shapermc_ecumenical_altar_petra

Skill      XL: |  1  2 |
---------------+-------+-----
Throwing       | 2 |  2.1
Polearms       | 3 |  3.0
Dodging        | 3 |  3.0
Fighting       | |  2.4

Action                   || total
-------------------------++-------
Melee: Trident           ||    65
 Stab: Sleeping          ||     1
Armor: Leather armour    ||    26
Dodge: Dodged            ||    61

Table legend: (Time is in decaauts)
 A = Elapsed time spent in this place.
 B = Non-inter-level travel time spent in this place.
 C = Inter-level travel time spent in this place.
 D = Time resting spent in this place.
 E = Time spent auto-exploring this place.
 F = Levels seen in this place.
 G = Mean time per level.
                   A        B        C        D        E       F      G
               +--------+--------+--------+--------+--------+-----+--------+
         Total |    567 |    567 |      0 |      0 |    451 |   1 |  567.0 |
       Dungeon |    567 |    567 |      0 |      0 |    451 |   1 |  567.0 |
               +--------+--------+--------+--------+--------+-----+--------+

Top non-repeatable levels by time:
     D:1: 567 daAuts
